 Dungeon Crawl Stone Soup version 0.20-a0-893-g832831a (webtiles) character file.

15 4thArraOfDagon the Magician (level 2, 0/22 HPs)
             Began as a Mummy Warper on Mar 17, 2017.
             Was a Follower of Vehumet.
             Slain by an adder (1 damage)
             ... on level 3 of the Dungeon.
             The game lasted 00:01:38 (286 turns).

4thArraOfDagon the Magician (Mummy Warper)           Turns: 286, Time: 00:01:39

Health: 0/22       AC:  3    Str: 14    XL:     2   Next: 34%
Magic:  1/5        EV: 11    Int: 12    God:    Vehumet [*.....]
Gold:   63         SH:  0    Dex: 11    Spells: 5/6 levels left

rFire    x . .     SeeInvis .   a - +0 spear
rCold    + . .     Gourm    .   b - +0 leather armour
rNeg     + + +     Faith    .   (no shield)
rPois    ∞         Spirit   .   (no helmet)
rElec    .         Reflect  .   (no cloak)
rCorr    .         Harm     .   (no gloves)
MR       .....                  (no boots)
Stlth    +.........             (no amulet)
Regen    0.1/turn               (no ring)
MPRegen  0.1/turn               (no ring)

@: very slightly contaminated
A: no food or potions, fire vulnerability, cold resistance 1, negative energy
resistance 3, torment resistance, unbreathing
a: Renounce Religion


You were on level 3 of the Dungeon.
You worshipped Vehumet.
Vehumet was aware of your devotion.
You were not hungry.

You visited 1 branch of the dungeon, and saw 3 of its levels.

You collected 63 gold pieces.

Inventory:

Hand Weapons
 a - a +0 spear (weapon)
Missiles
 e - a tomahawk of dispersal (quivered)
Armour
 b - a +0 leather armour (worn)
Scrolls
 d - 2 scrolls of blinking
 f - a scroll of fear {unknown}
Books
 c - a book of Spatial Translocations

   Spells                             Type                      Level
   a - Blink                          Translocation                2
   b - Shroud of Golubria             Charms/Translocation         2
   c - Lesser Beckoning               Translocation                3
   d - Gell's Gravitas                Translocation                3
   e - Teleport Other                 Translocation                3
   f - Passage of Golubria            Translocation                4


   Skills:
 - Level 2.0 Fighting
 * Level 1.9 Polearms
 - Level 0.7 Throwing
 + Level 1.1 Armour
 + Level 1.7 Dodging
 - Level 2.6 Spellcasting
 * Level 0.1 Conjurations
   Level 2.4 Translocations
 * Level 0.4 Fire Magic


You had 5 spell levels left.
You knew the following spells:

 Your Spells              Type           Power        Failure   Level  Hunger
a - Flame Tongue          Conj/Fire      #....        34%         1    N/A

Dungeon Overview and Level Annotations

Branches:
Dungeon (3/15)

Altars:
Ashenzari
Elyvilon
Hepliaklqana
Vehumet


Innate Abilities, Weirdness & Mutations

You do not eat or drink.
Your flesh is vulnerable to fire.
You are immune to poison.
Your flesh is cold resistant. (rC+)
You are immune to negative energy. (rN+++)
You are immune to unholy pain and torment.
You can survive without breathing.


Message History

You throw a tomahawk of dispersal.
The tomahawk of dispersal barely misses the adder.
The bat hits you but does no damage. The bat closely misses you.
Unknown command.
Unknown command.
Throwing (i - inventory):
e - 3 tomahawks of dispersal (quivered)
Press: ? - help, Shift-Dir - straight line, f/p - adder
Aim: an adder (severely wounded)
You throw a tomahawk of dispersal.
The tomahawk of dispersal closely misses the adder.
The bat closely misses you. The bat completely misses you.
The adder barely misses you. x2
Unknown command.
Throwing (i - inventory):
e - 2 tomahawks of dispersal (quivered)
Press: ? - help, Shift-Dir - straight line, f/p - adder
Aim: an adder (severely wounded)
You throw a tomahawk of dispersal.
The tomahawk of dispersal closely misses the adder.
The bat hits you but does no damage. The adder bites you.
You die...

#.....# #.....#
#.....# #.....#
#.....#
######.....####
.........b.....
#.@(..# ###S###
...####..#
.........#
...####..######
##......#
#.!....#
#......###
##........#


You could see an adder and a bat.

Vanquished Creatures
  A leopard gecko (D:3)
  2 bats
  A giant cockroach (D:3)
  2 goblins (D:3)
  2 hobgoblins
  2 kobolds (D:3)
  A frilled lizard (D:3)
  A rat (D:1)
12 creatures vanquished.

Notes
Turn   | Place    | Note
-------+----------+-------------------------------------------
     0 | D:1      | 4thArraOfDagon the Mummy Warper began the quest for the Orb.
     0 | D:1      | Reached XP level 1. HP: 16/16 MP: 4/4
    57 | D:1      | Reached skill level 1 in Armour
    69 | D:2      | Found a faded altar of an unknown god.
    84 | D:2      | Became a worshipper of Vehumet
    84 | D:2      | Reached * piety under Vehumet
    84 | D:2      | Offered knowledge of Flame Tongue by Vehumet.
    94 | D:3      | Found a shattered altar of Ashenzari.
    97 | D:3      | Learned a level 1 spell: Flame Tongue
   165 | D:3      | Found a hazy altar of Hepliaklqana.
   171 | D:3      | Found a white marble altar of Elyvilon.
   194 | D:3      | Reached XP level 2. HP: 16/22 MP: 5/5
   281 | D:3      | HP: 1/22 [adder (3)]
   286 | D:3      | Slain by an adder

Vault maps used:
D:1:      tarquinn_simple_flora_water_c, serial_bayou_pond_d
D:2:      chequers_ecumenical_altar_simple_redux, grunt_decor_cap,
          chequers_big_river
D:3:      nicolae_overflow_crystal_walls, grunt_temple_overflow_open,
          ashenzari_altar_1, uniq_iyjb

Skill      XL: |  1 |
---------------+----+-----
Armour         | 1 |  1.1
Fighting       | |  2.0
Polearms       | |  1.9
Throwing       | |  0.7
Dodging        | |  1.7
Spellcasting   | |  2.6
Conjurations   | |  0.1
Translocations | |  2.4
Fire Magic     | |  0.4

Action                   || total
-------------------------++-------
Melee: Spear             ||    49
Throw: Tomahawk          ||     4
 Cast: Flame Tongue      ||     7
Armor: Leather armour    ||    20
Dodge: Dodged            ||    40
